 Dungeon Crawl Stone Soup version 0.29.1-1-gd02db6906a (console) character file.

Game seed: 9386907770896487675

1810 om the Skirmisher (level 9, -1/50 HPs)
             Began as a Kobold Arcane Marksman on Oct 21, 2022.
             Was an Initiate of Okawaru.
             Slain by a lemure (5 damage)
             ... led by Pikel
             ... on level 6 of the Dungeon.
             The game lasted 00:11:54 (9269 turns).

om the Skirmisher (Kobold Arcane Marksman)          Turns: 9269, Time: 00:11:55

Health: -1/50      AC:  8    Str:  8    XL:     9   Next: 31%
Magic:  16/16      EV: 19    Int: 14    God:    Okawaru [......]
Gold:   252        SH:  5    Dex: 25    Spells: 13/17 levels left

rFire   . . .      SeeInvis .   b - +2 short sword (venom)
rCold   + . .      Faith    .   (no shield)
rNeg    . . .      Spirit   .   v - +2 leather armour {rC+}
rPois   +          Reflect  +   D - +2 helmet
rElec   .          Harm     .   (no cloak)
rCorr   .          Rampage  .   (no gloves)
Will    .....                   (no boots)
Stlth   +++.......              z - amulet of reflection
HPRegen 0.16/turn               j - ring of poison resistance
MPRegen 0.15/turn               q - +6 ring of dexterity

@: no status effects
A: small, no large weapons, nightstalker 3
a: Renounce Religion


You were on level 6 of the Dungeon.
You worshipped Okawaru.
Okawaru was noncommittal.
You visited 2 branches of the dungeon, and saw 7 of its levels.

You collected 322 gold pieces.
You spent 70 gold pieces at shops.

Inventory:

Hand Weapons
 a - a +1 sling
 b - a +2 short sword of venom (weapon)
Missiles
 B - 2 throwing nets
Armour
 v - a +2 leather armour of cold resistance (worn)
 C - a +3 leather armour of fire resistance
 D - a +2 helmet (worn)
Jewellery
 j - a ring of poison resistance (left hand)
 m - an amulet of the acrobat
 q - a +6 ring of dexterity (right hand)
 u - the ring of Yggo {*Corrode +Blink Fly rC+ Dex+9}
   (You found it on level 4 of the Dungeon)

   [ring of flight]

   Dex:       It affects your dexterity (+9).
   rC:        It protects you from cold.
   Fly:       It grants you flight.
   +Blink:    It lets you blink.
   *Corrode:  It may corrode you when you take damage.
 z - an amulet of reflection (around neck)
Wands
 c - a wand of acid (1)
 A - a wand of paralysis (11)
Scrolls
 d - 2 scrolls of fog
 e - 2 scrolls of amnesia
 f - 3 scrolls of vulnerability
 g - a scroll of poison
 i - 7 scrolls of teleportation
Potions
 h - a potion of mutation {unknown}
 k - 3 potions of invisibility
 l - 2 potions of might {unknown}
 r - a potion of curing
 s - 2 potions of brilliance {unknown}
 x - 3 potions of heal wounds {unknown}


   Skills:
 - Level 3.0 Fighting
 - Level 5.0 Short Blades
 - Level 8.0 Ranged Weapons
 * Level 3.7 Armour
 - Level 6.0 Dodging
 * Level 4.9 Spellcasting
 - Level 4.0 Hexes


You had 13 spell levels left.
You knew the following spells:

 Your Spells              Type           Power      Damage    Failure   Level
a - Slow                  Hex            56%        N/A       4%          1
b - Dazzling Flash        Conj/Hex       18%        N/A       32%         3

Your spell library contained the following spells:

 Spells                   Type           Power      Damage    Failure   Level
 Inner Flame              Hex/Fire       9%         N/A       32%         3
 Portal Projectile        Hex/Tloc       18%        N/A       32%         3
 Cause Fear               Hex            7%         N/A       43%         4
 Ozocubu's Armour         Ice            3%         N/A       58%         3
 Lee's Rapid Deconstruct  Erth           1%         3d5*      100%        5
 Ozocubu's Refrigeration  Ice            1%         4d7       100%        7
 Shatter                  Erth           1%         3d6*      100%        9


Dungeon Overview and Level Annotations

Branches:
Dungeon (6/15)             Temple (1/1) D:4

Altars:
Ashenzari
Cheibriados
Dithmenos
Elyvilon
Fedhas
Gozag
Hepliaklqana
Kikubaaqudgha
Makhleb
Nemelex Xobeh
Okawaru
Qazlal
Ru
Sif Muna
Trog
Vehumet
Wu Jian
Xom
The Shining One

Shops:
D:3 ?   D:5 :

Annotations:
D:6 Pikel


Innate Abilities, Weirdness & Mutations

You are small and have problems with some larger weapons.
You are completely attuned to the shadows.


Message History

The lemure hits you. The lemure barely misses you.
You hit Pikel.
Pikel is lightly wounded.
Pikel barely misses you. The lemure hits you but does no damage.
The lemure hits you.
You closely miss Pikel.
Pikel is lightly wounded.
Pikel hits you with a +0 whip of flaming.
Pikel burns you.
The lemure hits you but does no damage. x2
You closely miss the lemure.
Pikel hits you with a +0 whip of flaming.
Pikel burns you. You block the lemure's attack. The lemure closely misses you.
You miss Pikel.
Pikel is lightly wounded.
You hit Pikel but do no damage.
Pikel is poisoned.
Pikel is lightly wounded.
Pikel closely misses you.
The lemure hits you but does no damage. x2
You closely miss Pikel.
Pikel is lightly wounded.
Pikel hits you with a +0 whip of flaming.
Pikel burns you. The lemure completely misses you.
The lemure hits you but does no damage.
You hit Pikel but do no damage.
Pikel looks even sicker.
Pikel is lightly wounded.
Pikel completely misses you. The lemure barely misses you. The lemure hits you.
Aiming: Corrosive Bolt
Press: ? - help, Shift-Dir - straight line, f - Pikel
Aim: Pikel, wielding a +0 whip of flaming, wearing a +0 robe and carrying a wand of acid (10) (lightly wounded, very poisoned, 64% to hit)
The bolt of acid hits Pikel!
The acid corrodes Pikel!
Pikel is heavily wounded.
Pikel zaps a wand.
The bolt of acid hits you!
* * * LOW HITPOINT WARNING * * *
The lemure hits you but does no damage. The lemure closely misses you.
Aiming: Corrosive Bolt
Press: ? - help, Shift-Dir - straight line, f/p - Pikel
Aim: Pikel, wielding a +0 whip of flaming, wearing a +0 robe and carrying a wand of acid (9) (heavily wounded, very poisoned, covered in acid, 64% to hit)
The bolt of acid hits Pikel!
Pikel is severely wounded.
You block Pikel's attack. The lemure hits you.
You die...

*,,,,,,,,,,,,,,,,,,,
*,*******,,,,,,,,,,*
*,* *,,,,,,,**** #.*
****,**** ##.## *,*
#...## *,* #..55#
**+** #..K5# **,,,**
####@# **,,,,,**
##5.# **,,<,,,,**
##...###*,,,,,,,,,*##
#.......+,,,,,,,,,+..
##...###*,,,,,,,,,***
##...##**,,,,,,,**
##.....#***,,,,,**
#.......****,,,**
##.....<,,,**+**


You could see Pikel (very poisoned, corroded) and 4 lemures.

Vanquished Creatures
  Edmund (D:6)
  An orc warrior (D:6)
  Pargi (D:3)
  A sky beast (D:6)
  A black bear (D:6)
  An ogre (D:5)
  A centaur (D:5)
  A phantom (D:4)
  A gnoll sergeant (D:6)
  2 necrophages
  3 scorpions
  A howler monkey (D:6)
  3 hounds (D:5)
  A gnoll bouda (D:5)
  An orc priest (D:6)
  4 jellies
  2 iguanas
  7 gnolls
  13 adders
  2 white imps (D:6)
  An ufetubus (D:5)
  2 worms
  A dart slug (D:4)
  3 orcs
  7 bats
  9 endoplasms
  5 giant cockroaches
  3 goblins
  6 hobgoblins
  A quokka (D:4)
  6 ball pythons
  A frilled lizard (D:3)
  3 kobolds
  5 rats
101 creatures vanquished.

Vanquished Creatures (collateral kills)
  An ice beast (D:6)
1 creature vanquished.

Vanquished Creatures (others)
  7 plants (D:6)
7 creatures vanquished.

Grand Total: 109 creatures vanquished

Notes
Turn   | Place    | Note
-------+----------+-------------------------------------------
     0 | D:1      | om the Kobold Arcane Marksman began the quest for the Orb.
     0 | D:1      | Reached XP level 1. HP: 12/12 MP: 2/2
   172 | D:1      | Reached XP level 2. HP: 16/16 MP: 3/3
   226 | D:1      | Reached skill level 3 in Ranged Weapons
   895 | D:2      | Reached skill level 1 in Short Blades
   895 | D:2      | Reached XP level 3. HP: 1/20 MP: 5/5
  1507 | D:2      | Reached XP level 4. HP: 25/25 MP: 6/6
  1707 | D:2      | Found a faded altar of an unknown god.
  2076 | D:3      | Found Xerobb's Magic Scroll Shoppe.
  2078 | D:3      | Bought a scroll of identify for 28 gold pieces
  2088 | D:3      | Bought a scroll of teleportation for 42 gold pieces
  2859 | D:3      | Reached XP level 5. HP: 30/30 MP: 7/7
  2921 | D:3      | Noticed Pargi
  2930 | D:3      | Found a shadowy altar of Dithmenos.
  3060 | D:3      | Found a burning altar of Makhleb.
  3612 | D:4      | Got the Compendium of Charming Excavation
  3742 | D:4      | Reached skill level 4 in Ranged Weapons
  3994 | D:4      | Found a staircase to the Ecumenical Temple.
  4018 | Temple   | Entered the Ecumenical Temple
  4513 | D:4      | Noticed a phantom
  4521 | D:4      | Killed a phantom
  4522 | D:4      | Reached XP level 6. HP: 34/36 MP: 9/9
  4675 | D:4      | Identified the ring of Yggo {*Corrode +Blink Fly rC+ Dex+9}
  4683 | D:4      | Identified the +3 dagger of the Egg {pain, rPois rC++
                  | Str-4}
  4881 | D:4      | Reached skill level 5 in Ranged Weapons
  4881 | D:4      | Reached XP level 7. HP: 40/40 MP: 10/10
  4905 | D:4      | Found a shimmering blue altar of Sif Muna.
  5211 | D:5      | Entered Level 5 of the Dungeon
  5515 | D:5      | Learned a level 3 spell: Dazzling Flash
  5939 | D:5      | Found an ancient bone altar of Kikubaaqudgha.
  6075 | D:5      | Reached skill level 5 in Dodging
  6308 | D:5      | Reached skill level 1 in Armour
  6359 | D:5      | Reached XP level 8. HP: 46/46 MP: 11/11
  6590 | D:5      | Found a glowing golden altar of the Shining One.
  6606 | D:5      | Reached skill level 5 in Short Blades
  6607 | D:5      | Reached skill level 6 in Ranged Weapons
  6874 | D:5      | Found Emezxu's Book Shoppe.
  7243 | D:3      | Killed Pargi
  7417 | D:6      | Noticed Edmund
  7427 | D:6      | Killed Edmund
  7770 | D:6      | Reached skill level 7 in Ranged Weapons
  7869 | D:6      | Reached XP level 9. HP: 28/50 MP: 15/15
  8344 | D:6      | Found an iron altar of Okawaru.
  8550 | D:6      | Became a worshipper of Warmaster Okawaru
  8768 | D:6      | Reached skill level 8 in Ranged Weapons
  9050 | D:6      | Found a snail-covered altar of Cheibriados.
  9254 | D:6      | Noticed Pikel
  9269 | D:6      | Slain by a lemure

Illustrated notes

Levels and vault maps discovered:
D:1:      ncdulo_lavacross, layout_basic
D:2:      layout_rooms, shapermc_ecumenical_altar_mp_ritualfount, serial_glass,
          glass_columns_a, glass_columns_c, minivault_14,
          kennysheep_generic_room_16
D:3:      minmay_spotlight, layout_basic, nicolae_overflow_crystal_walls,
          nicolae_overflow_hidden_temple, serial_shops, shop, uniq_pargi
D:4:      kb_forest_paths, layout_rooms, mainiacjoe_overflow_24_doors,
          minmay_temple_entry_mini_moons, serial_co_window_serial,
          co_window_paths_a, co_window_paths_a, co_window_corner_a,
          co_window_paths_b, co_window_corner_a, co_window_corner_cb,
          co_window_corner_b, co_window_unsneaky_path_b, co_window_corner_cb,
          glass_columns_b, glass_columns_b
D:5:      layout_cave_pods, nicolae_tso_carved_into_rock,
          nicolae_kikubaaqudgha_miasma_corner, serial_shops,
          nicolae_shop_crystal, hangedman_decor_peaks_small, nrook_pool_corridor
D:6:      layout_loops_corners, mainiacjoe_overflow_brackets,
          mainiacjoe_overflow_boulevard, uniq_edmund, uniq_pikel
Temple:   nicolae_temple_hex_pool

Skill      XL: |  1  2  3  4  5  6  7  8  9 |
---------------+----------------------------+-----
Ranged Weapons | 3 4 5 7 8 |  8.0
Short Blades   | 1 2 3 4 5 |  5.0
Dodging        | 3 4 5 6 |  6.0
Fighting       | 2 3 |  3.0
Spellcasting   | 2 4 |  4.9
Hexes          | 4 |  4.0
Armour         | 1 3 |  3.7

Action                   |  1- 3 |  4- 6 |  7- 9 || total
-------------------------+-------+-------+-------++-------
Melee: Short sword       |    20 |    24 |   174 ||   218
       Punch             |       |       |     3 ||     3
 Fire: Sling             |    49 |   112 |    82 ||   243
 Cast: Slow              |       |     1 |     3 ||     4
Evoke: Wand              |       |       |     3 ||     3
  Use: Potion            |     1 |       |       ||     1
       Scroll            |       |     4 |     8 ||    12
 Stab: Invisible         |     1 |       |       ||     1
       Sleeping          |       |       |     5 ||     5
       Distracted        |       |       |     1 ||     1
Armor: Robe              |     7 |     8 |       ||    15
       Leather armour    |       |       |    35 ||    35
Dodge: Dodged            |    54 |    61 |   185 ||   300
Block: Other             |       |       |    45 ||    45
       Reflection        |       |       |     3 ||     3
